Map: Whispers of Gold

Players

lionmode - Winner!

  • Race: Protoss Protoss
  • League: Diamond
  • Spawn Location: 5:00

IIIIIIIIIIII

  • Race: Zerg Zerg
  • League: Diamond
  • Spawn Location: 9:00

VOD

Have the link to the VOD?

Description

Time

  • Played on: Jan. 14, 2025, 6:56 a.m.
  • Length: 8:55
Show
View Real Time Build Order
Export as new Build Order

lionmode Protoss - Winner!

Build Orders:  

Get SALT Encoding   

  12  0:01  Probe  
  13  0:13  Probe  
  14  0:20  Pylon  
  14  0:25  Probe  
  15  0:38  Probe  
  15  0:41  Gateway  
  16  0:48  Assimilator  
  16  0:49  Probe  
  17  0:57  Probe  
  18  1:09  Probe  
  19  1:17  Pylon  
  19  1:20  Zealot  
  19  1:21  Probe  
  22  1:36  Probe, Cybernetics Core  
  23  1:49  Probe  
  24  1:54  Gateway  
  24  2:01  Probe  
  25  2:06  Pylon  
  25  2:11  Adept  
  25  2:15  Probe  
  26  2:32  Probe  
  27  2:38  Stalker  
  27  2:43  Nexus  
  27  2:45  Warp Gate  
  29  3:00  Probe  
  30  3:06  Zealot  
  32  3:15  Twilight Council  
  32  3:18  Probe  
  33  3:27  Gateway  
  33  3:34  Charge  
  33  3:35  Probe  
  34  3:45  Gateway  
  34  3:47  Probe  
  35  3:49  Pylon  
  35  3:57  Probe  
  35  3:59  Probe  
  37  4:07  Gateway  
  37  4:09  Probe  
  38  4:11  Probe  
  39  4:18  Gateway  
  39  4:21  Probe  
  40  4:24  Probe  
  40  4:29  Gateway  
  41  4:34  Pylon, Zealot x2  
  43  4:40  Zealot  
  43  4:45  Pylon  
  39  4:46  Pylon  
  39  4:49  Zealot  
  39  5:00  Zealot  
  39  5:01  Pylon  
  36  5:12  Zealot x2  
  37  5:20  Zealot x2  
  39  5:31  Zealot  
  39  5:34  Zealot  
  39  5:35  Zealot  
  35  5:42  Zealot x2  
  37  5:49  Pylon  
  31  5:50  Zealot  
  31  5:54  Zealot  
  33  5:57  Zealot  
  33  5:59  Zealot  
  33  6:03  Zealot  
  33  6:07  Zealot  
  35  6:14  Zealot x2  
  37  6:23  Zealot  
  37  6:30  Zealot x2  
  37  6:46  Pylon  
  37  6:47  Zealot  
  35  6:54  Zealot x2  
  39  7:10  Zealot  
  40  7:17  Zealot  
  40  7:18  Zealot x3  
  42  7:30  Pylon  
  42  7:34  Stalker  
  44  7:38  Probe  
  45  7:45  Probe  
  45  7:49  Gateway  
  45  7:50  Probe  
  47  7:52  Zealot  
  47  7:53  Zealot  
  51  8:00  Zealot  
  51  8:01  Zealot  
  55  8:06  Probe  
  55  8:10  Zealot  
  58  8:18  Zealot x2  
  62  8:23  Zealot x2  
  66  8:33  Zealot x2  
  66  8:42  Zealot x2  
  66  8:52  Zealot x2  
Show
View Real Time Build Order
Export as new Build Order

IIIIIIIIIIII Zerg 

Build Orders: 3 Hatch before Pool, Zergling Baneling 

Get SALT Encoding   

  12  0:00  Drone  
  13  0:09  Drone  
  14  0:14  Extractor  
  14  0:15  Drone  
  15  0:37  Hatchery  
  15  0:42  Extractor  
  13  0:43  Drone  
  15  1:09  Hatchery  
  14  1:13  Drone, Extractor  
  15  1:24  Overlord  
  15  1:35  Spawning Pool  
  15  1:38  Drone, Extractor  
  14  1:44  Drone  
  14  1:46  Drone  
  16  1:54  Drone  
  17  2:18  Drone  
  18  2:32  Queen  
  18  2:33  Queen  
  18  2:34  Zergling x2  
  18  2:35  Zergling x4  
  25  2:39  Zergling x2  
  26  2:44  Overlord  
  26  2:50  Metabolic Boost  
  26  2:57  Overlord  
  26  3:10  Baneling Nest  
  25  3:17  Zergling x6  
  28  3:32  Zergling x4  
  28  3:33  Zergling x2  
  31  3:34  Overlord  
  31  3:39  Zergling x2  
  32  3:45  Zergling x2  
  32  3:46  Zergling x2  
  34  3:52  Zergling x2  
  34  3:54  Zergling x2  
  36  3:57  Zergling x2  
  37  4:09  Baneling x3  
  37  4:10  Baneling x3  
  37  4:13  Zergling x2  
  34  4:39  Zergling x2  
  34  4:40  Zergling x12  
  34  4:43  Zergling x2  
  40  4:49  Zergling x2  
  40  4:50  Baneling  
  40  4:51  Baneling  
  40  4:58  Zergling x4  
  40  5:02  Zergling x2  
  41  5:13  Baneling x2  
  40  5:15  Zergling x4  
  36  5:32  Zergling x8  
  36  5:33  Zergling x2  
  37  5:37  Zergling x2  
  37  5:40  Zergling x2  
  37  5:47  Zergling x4  
  37  5:51  Zergling x2  
  35  6:06  Zergling x6  
  35  6:16  Zergling x2  
  32  6:27  Zergling x6  
  29  6:40  Zergling x2  
  29  6:41  Zergling x8  
  32  6:47  Zergling x6  
  31  7:19  Zergling x10  
  31  7:20  Zergling x2  
  34  7:22  Zergling x2  
  34  7:23  Zergling x4  
  30  7:54  Evolution Chamber  
  30  7:55  Evolution Chamber  
  30  7:57  Evolution Chamber  
  25  7:58  Spine Crawler  
  25  7:59  Spine Crawler  
  23  8:10  Zergling x4  
  23  8:11  Zergling x2  
  26  8:37  Zergling x8  
Tags
 
Add a new tag
Caveats
  • Supply blocks, unpowered buildings, or Contaminate may cause inaccurate times.
  • Supply counts are checked every 10 seconds.